 Dungeon Crawl Stone Soup version 0.28-a0-687-gb91baff9cc (webtiles) character file.

Game seed: 10178324782685517888

460 acebull12 the Magician (level 7, -11/49 HPs)
             Began as a Djinni Air Elementalist on Oct 20, 2021.
             Mangled by an ice beast (19 damage)
             ... on level 3 of the Dungeon.
             The game lasted 00:11:03 (3409 turns).

acebull12 the Magician (Djinni Air Elementalist)    Turns: 3409, Time: 00:11:03

Health: -11/49     AC:  2    Str:  7    XL:     7   Next: 28%
Gold:   146        EV: 12    Int: 19    God:
                   SH:  0    Dex: 13

rFire   + + .      SeeInvis .   g - +1 whip (elec)
rCold   x . .      Faith    .   (no shield)
rNeg    . . .      Spirit   .   a - +0 robe
rPois   ∞          Reflect  .   (no helmet)
rElec   .          Harm     .   (no cloak)
rCorr   .          Rampage  .   (no gloves)
Will    .....                   (boots unavailable)
Stlth   ++........              (no amulet)
HPRegen 0.16/turn               (no ring)
MPRegen 0.00/turn               (no ring)

@: sluggish, flying, very slow
A: sickness immunity, fire resistance 2, cold vulnerability 1, float, innate
caster, hp casting, extra vitality 1
a: no special abilities


You were on level 3 of the Dungeon.
You visited 1 branch of the dungeon, and saw 3 of its levels.

You collected 146 gold pieces.

Inventory:

Hand Weapons
 e - a +0 rapier
 g - a +1 whip of electrocution (weapon)
Missiles
 d - 51 stones
Armour
 a - a +0 robe (worn)
Jewellery
 c - a ring of fire
Scrolls
 f - 2 scrolls of identify {unknown}
 i - a scroll of enchant weapon {unknown}
Potions
 b - 2 potions of might {unknown}
 h - a potion of ambrosia {unknown}


   Skills:
 * Level 2.8 Fighting
 + Level 3.0 Dodging
 - Level 1.6 Stealth
 + Level 5.2 Spellcasting


You couldn't memorise any spells.
You knew the following spells:

 Your Spells              Type           Power      Damage    Failure   Level
a - Shock                 Conj/Air       96%        1d9       1%          1
b - Static Discharge      Conj/Air       24%        N/A       2%          2
c - Swiftness             Air            24%        N/A       4%          3
d - Airstrike             Air            12%        N/A       14%         4
e - Foxfire               Conj/Fire      96%        2x1d8     1%          1
f - Corpse Rot            Necr/Air       48%        N/A       2%          2
g - Dazzling Flash        Conj/Hex       48%        N/A       4%          3
Your spell library was empty.

Dungeon Overview and Level Annotations

Branches:
Dungeon (3/15)

Altars:

Shops:
D:2 *


Innate Abilities, Weirdness & Mutations

You are immune to sickness and miasma.
You are immune to poison.
Your flesh is very heat resistant. (rF++)
You are vulnerable to cold. (rC-)
You float through the air rather than walking.
You learn spells naturally, not from books.
Your magical power is your life essence.
You have superior vitality. (+4 HP)


Message History

The foxfire hits the ice beast.
The ice beast is lightly wounded.
The foxfire hits the ice beast but does no damage.
The ice beast is lightly wounded.
Casting: Foxfire (safe; 1% risk of failure)
Confirm with . or Enter, or press ? or * to list all spells.
You miscast Foxfire.
You are very lightly contaminated with residual magic.
Nothing appears to happen.
The ice beast barely misses you.
Casting: Foxfire (safe; 1% risk of failure)
Confirm with . or Enter, or press ? or * to list all spells.
You conjure some foxfire!
The ice beast completely misses you.
The foxfire hits the gnoll but does no damage.
The foxfire hits the gnoll.
The gnoll is moderately wounded.
Casting: Foxfire (safe; 1% risk of failure)
Confirm with . or Enter, or press ? or * to list all spells.
You conjure some foxfire!
The ice beast closely misses you.
The foxfire hits the gnoll.
The gnoll is moderately wounded.
The foxfire hits the gnoll.
The gnoll is severely wounded.
The gnoll throws a throwing net.
The throwing net barely misses you.
A gnoll comes into view. It is wielding a +0 club.
The ice beast hits you. The ice beast freezes you!
You feel a terrible chill!
* * * LOW HITPOINT WARNING * * *
Your magical contamination has completely faded away.
You see here a throwing net.
Casting: Foxfire (safe; 1% risk of failure)
Confirm with . or Enter, or press ? or * to list all spells.
You feel quick.
* * * LOW HITPOINT WARNING * * *
You see here 21 sling bullets.
You start to feel a little slower.
You feel sluggish.
You start to feel a little faster.
The ice beast hits you.
* * * LOW HITPOINT WARNING * * *
The ice beast freezes you!!
You feel a terrible chill!
You die...

##.<##..###..## ##.
####....## #.## #.
#...#..#####.# #.
#####.....)#.....# ##
........##...##### #
#####...###..# #
#....<##### #
#####...#.....####### ##
.PP.#...#####...@Y..#####
#. #####...#
#######g.g..########.
#..## #####..........
#### ###########


You could see an ice beast and 2 gnolls.

Vanquished Creatures
  Sigmund (D:2)
  An ogre (D:3)
  An orc priest (D:3)
  2 orc wizards (D:3)
  4 gnolls
  2 adders
  2 worms
  A dart slug (D:1)
  9 orcs (D:3)
  6 ball pythons
  6 bats
  3 endoplasms
  A giant cockroach (D:1)
  7 goblins
  5 hobgoblins
  5 jackals
  3 kobolds (D:2)
  A quokka (D:3)
  3 frilled lizards
  2 rats (D:1)
65 creatures vanquished.

Vanquished Creatures (others)
  79 foxfires
79 creatures vanquished.

Grand Total: 144 creatures vanquished

Notes
Turn   | Place    | Note
-------+----------+-------------------------------------------
     0 | D:1      | acebull12 the Djinni Air Elementalist began the quest for
                  | the Orb.
     0 | D:1      | Reached XP level 1. HP: 15/15 MP: 0/0
   272 | D:1      | Reached XP level 2. HP: 14/21 MP: 0/0
   767 | D:1      | Reached skill level 3 in Spellcasting
   767 | D:1      | Reached XP level 3. HP: 21/26 MP: 0/0
   767 | D:1      | Learned a level 1 spell: Foxfire
  1448 | D:2      | Found Gol Sen's General Store.
  1455 | D:2      | Reached XP level 4. HP: 28/31 MP: 0/0
  1594 | D:2      | Noticed Sigmund
  1609 | D:2      | Killed Sigmund
  1610 | D:2      | Reached skill level 4 in Spellcasting
  1610 | D:2      | Reached XP level 5. HP: 28/38 MP: 0/0
  1610 | D:2      | Learned a level 2 spell: Corpse Rot
  1610 | D:2      | Reached XP level 6. HP: 31/43 MP: 0/0
  2241 | D:3      | Noticed an ogre
  2247 | D:3      | Killed an ogre
  2265 | D:3      | Reached XP level 7. HP: 27/49 MP: 0/0
  2265 | D:3      | Learned a level 3 spell: Dazzling Flash
  2491 | D:3      | Reached skill level 5 in Spellcasting
  3409 | D:3      | Mangled by an ice beast

Illustrated notes

Levels and vault maps discovered:
D:1:      kennysheep_arrival_forest, layout_rooms
D:2:      layout_rooms, serial_shops, shop, serial_glass, glass_columns_a,
          glass_columns_a, eino_curves_04, uniq_sigmund
D:3:      layout_rooms, serial_aquarium, aquarium_bridge_square
          [aquarium_subvault_bridge, aquarium_subvault_bridge,
          aquarium_subvault_wall, aquarium_subvault_window],
          aquarium_bridge_straight [aquarium_subvault_bridge,
          aquarium_subvault_wall, aquarium_subvault_bridge,
          aquarium_subvault_balcony], aquarium_window_corridor_1,
          aquarium_window_fake, aquarium_window_double, aquarium_window_fake,
          aquarium_view_2d

Skill      XL: |  1  2  3  4  5  6  7 |
---------------+----------------------+-----
Spellcasting   | 3 4 5 |  5.2
Fighting       | 2 |  2.8
Dodging        | 3 |  3.0
Stealth        | |  1.6

Action                   |  1- 3 |  4- 6 |  7- 9 || total
-------------------------+-------+-------+-------++-------
Melee: Rapier            |       |     3 |       ||     3
 Cast: Shock             |    52 |    27 |    45 ||   124
       Foxfire           |     9 |    27 |    12 ||    48
       Swiftness         |       |       |     1 ||     1
Armor: Robe              |     1 |       |     1 ||     2
Dodge: Dodged            |    18 |     9 |     9 ||    36

Table legend: (Time is in decaauts)
 A = Elapsed time spent in this place.
 B = Non-inter-level travel time spent in this place.
 C = Inter-level travel time spent in this place.
 D = Time resting spent in this place.
 E = Time spent auto-exploring this place.
 F = Levels seen in this place.
 G = Mean time per level.
                   A        B        C        D        E       F      G
               +--------+--------+--------+--------+--------+-----+--------+
         Total |   3413 |   3325 |     88 |    774 |   2105 |   3 | 1137.7 |
       Dungeon |   3413 |   3325 |     88 |    774 |   2105 |   3 | 1137.7 |
               +--------+--------+--------+--------+--------+-----+--------+

Top non-repeatable levels by time:
     D:1: 1411 daAuts
     D:2: 1155 daAuts
     D:3: 847 daAuts
